 Dungeon Crawl Stone Soup version 0.26-a0-651-gb41185065b (webtiles) character file.

Game seed: 5971649232115376662

(classic levelgen) 1299 EnegeticOcto the Shield-Bearer (level 8, 4/73 HPs)
             Began as a Deep Dwarf Fighter on Oct 14, 2020.
             Quit the game on level 6 of the Dungeon.
             The game lasted 00:01:40 (1910 turns).

EnegeticOcto the Shield-Bearer (Deep Dwarf Fighter) Turns: 1910, Time: 00:01:41

Health: 4/73       AC:  8    Str: 21    XL:     8   Next: 31%
Magic:  0/0        EV:  3    Int: 10    God:
Gold:   158        SH: 14    Dex: 12    Spells: 7/7 levels left

rFire    . . .     SeeInvis .   a - +0 war axe
rCold    . . .     Faith    .   i - +0 tower shield
rNeg     . . .     Spirit   .   r - +0 chain mail
rPois    .         Reflect  .   (no helmet)
rElec    .         Harm     .   (no cloak)
rCorr    .         Rampage  .   (no gloves)
MR       +....                  (no boots)
Stlth    ..........             (no amulet)
HPRegen  0.00/turn              (no ring)
MPRegen  0.07/turn              (no ring)

@: non-regenerating, very heavily drained
A: damage resistance, heal wounds, sense surroundings 1, no regeneration
a: Heal Wounds


You were on level 6 of the Dungeon.
You visited 1 branch of the dungeon, and saw 6 of its levels.

You collected 158 gold pieces.

Inventory:

Hand Weapons
 a - a +0 war axe (weapon)
Missiles
 k - a throwing net (quivered)
Armour
 b - a +0 scale mail
 c - a +0 kite shield
 i - a +0 tower shield (worn)
 r - a +0 chain mail (worn)
Wands
 q - a wand of digging (5) {@v3}
Scrolls
 e - a scroll of enchant weapon {unknown}
 f - 3 scrolls of identify {unknown}
 g - a scroll of remove curse {unknown}
 h - a scroll of random uselessness {unknown}
 o - a scroll of enchant armour {unknown}
 p - 4 scrolls of magic mapping {unknown}
 t - a scroll of fog {unknown}
 v - a scroll of teleportation {unknown}
Potions
 d - 2 potions of might {@q3}
 j - 3 potions of mutation {unknown}
 l - a potion of haste {unknown}
 m - a potion of stabbing {unknown}
 n - 2 potions of invisibility {unknown}
 s - a potion of ambrosia {unknown}
 u - a potion of lignification {unknown}
 w - a potion of curing {unknown}
 x - a potion of brilliance {unknown}
 z - a potion of flight {unknown}


   Skills:
 + Level 4.6(1.2) Fighting
 * Level 6.9(3.3) Axes
 + Level 5.6(2.1) Armour
 * Level 7.0(3.3) Shields


You had 7 spell levels left.
You didn't know any spells.
Your spell library was empty.

Dungeon Overview and Level Annotations

Branches:
Dungeon (6/15)
 Temple: D:4-7

Altars:
Cheibriados
Dithmenos

Shops:
D:6 (


Innate Abilities, Weirdness & Mutations

You are resistant to damage.
You can heal yourself by infusing magical energy.
You passively map a small area around you.
You do not regenerate.


Message History

You block the orc warrior's attack.
The orc wizard mumbles some strange words.
The orc wizard blinks!
The orc warrior hits you with a +0 morningstar!
You hit the orc warrior but do no damage.
The orc warrior is almost dead.
The orc wizard gestures wildly while chanting.
The orc wizard blinks!
The orc warrior hits you but does no damage.
You barely miss the orc warrior.
The orc warrior is almost dead.
The orc wizard mumbles some strange words.
The orc wizard blinks!
The orc warrior hits you with a +0 morningstar!
The orc wizard casts a spell.
The orc wizard blinks!
You are too injured to fight recklessly!
You are too injured to fight recklessly!
You are too injured to fight recklessly!
You are too injured to fight recklessly!
You are too injured to fight recklessly!
You are too injured to fight recklessly!
You are too injured to fight recklessly!
You are too injured to fight recklessly!
You are too injured to fight recklessly!
You are too injured to fight recklessly!
You are too injured to fight recklessly!
You are too injured to fight recklessly!
You are too injured to fight recklessly!
Your magical essence is drained by the effort!
You feel much better.
You closely miss the orc warrior.
The orc warrior is almost dead.
The orc warrior hits you with a +0 morningstar!
You block the orc warrior's attack.
You hit the orc warrior but do no damage.
The orc warrior is almost dead.
The orc wizard casts a spell.
The orc wizard blinks!
The orc warrior hits you with a +0 morningstar!
You are too injured to fight recklessly!
You are too injured to fight recklessly!
You are too injured to fight recklessly!
You are too injured to fight recklessly!
You are too injured to fight recklessly!
You are too injured to fight recklessly!
You are too injured to fight recklessly!
You are too injured to fight recklessly!
You are too injured to fight recklessly!
You are too injured to fight recklessly!
You are too injured to fight recklessly!
You are too injured to fight recklessly!
You are too injured to fight recklessly!
You are too injured to fight recklessly!
You are too injured to fight recklessly!
You don't have enough innate magic capacity.
You don't have enough innate magic capacity.
You hit the orc warrior but do no damage.
The orc warrior is almost dead.
You block the orc warrior's attack.
You hit the orc warrior but do no damage.
The orc warrior is almost dead.
You block the orc warrior's attack.
The orc wizard gestures at you while chanting.
The magic dart hits you.
The orc warrior hits you but does no damage.
You hit the orc warrior but do no damage.
The orc warrior is almost dead.
The orc warrior hits you with a +0 morningstar!
* * * LOW HITPOINT WARNING * * *
You don't have enough innate magic capacity.
The orc wizard casts a spell at you. The magic dart hits you!
* * * LOW HITPOINT WARNING * * *
You block the orc warrior's attack.
The orc wizard gestures at you while chanting.
The magic dart hits you!
* * * LOW HITPOINT WARNING * * *
The orc wizard mumbles some strange words.
The orc wizard blinks!
There is an entrance to Jiargh's Weapon Emporium here.
Unknown command.
You slash the orc warrior!
You kill the orc warrior!
The orc wizard gestures wildly while chanting.
The orc wizard blinks!
Things that are here:
a +0 morningstar; a +0 plate armour; an orc corpse The orc wizard gestures at you while chanting.
The magic dart hits you!
* * * LOW HITPOINT WARNING * * *
You block the orc wizard's attack.
You slash the orc wizard!
You kill the orc wizard!
Your base Shields skill increases to level 7!
j - 3 bubbling white potions (gained 1)
Things that are here:
a +0 dagger of draining; a +0 robe You see here 25 arrows.
Are you sure you want to abandon this character and quit the game? (Confirm with "yes".)

.####.#####.............
............#########...
.......)..#.# #... ,
.........)).# #... ,
........#.∩.#* *** #...
............##. #...
.......(..#....* #...
.............## ###...
.......@.>..## ..... *
............# #.### ,
#####...############.##.
,,* , ** #..##
........... , ...# **
######.##. , , , * ###.#
, * #..## ,, #.####.#
##.# ##### * * **
#......# #.# .....##
#####.##############.##


There were no monsters in sight!

Vanquished Creatures
  Menkaure (D:6)
  2 ice beasts
  An orc warrior (D:6)
  2 phantoms
  An ogre (D:5)
  A centaur (D:5)
  A gnoll sergeant (D:5)
  A bullfrog zombie (D:6)
  A hound (D:4)
  A jelly (D:6)
  An orc priest (D:3)
  2 orc wizards
  A bullfrog skeleton (D:4)
  An iguana (D:6)
  Natasha (D:4)
  4 worker ants
  6 gnolls
  3 adders
  A white imp (D:5)
  An adder skeleton (D:5)
  A worm (D:4)
  2 leopard geckos (D:5)
  19 orcs
  A bat (D:2)
  2 giant cockroaches
  A goblin (D:2)
  3 hobgoblins
  6 kobolds
  2 quokkas
  A ball python (D:4)
  4 rats
75 creatures vanquished.

Notes
Turn   | Place    | Note
-------+----------+-------------------------------------------
     0 | D:1      | EnegeticOcto the Deep Dwarf Fighter began the quest for the
                  | Orb.
     0 | D:1      | Reached XP level 1. HP: 20/20 MP: 1/1
    96 | D:2      | Reached XP level 2. HP: 27/27 MP: 2/2
   122 | D:2      | Reached XP level 3. HP: 32/34 MP: 3/3
   331 | D:3      | Reached XP level 4. HP: 37/42 MP: 4/4
   491 | D:4      | Reached skill level 4 in Shields
   504 | D:4      | Found a shadowy altar of Dithmenos.
   539 | D:4      | Reached XP level 5. HP: 29/49 MP: 5/5
   551 | D:4      | Noticed a phantom
   583 | D:4      | Killed a phantom
   656 | D:4      | Found a snail-covered altar of Cheibriados.
   763 | D:4      | Reached XP level 6. HP: 41/56 MP: 6/6
   769 | D:4      | Noticed Natasha
   775 | D:4      | Killed Natasha
   958 | D:4      | Reached skill level 5 in Axes
   958 | D:4      | Reached skill level 5 in Shields
  1056 | D:5      | Entered Level 5 of the Dungeon
  1065 | D:5      | Noticed an ice beast
  1080 | D:5      | Killed an ice beast
  1237 | D:5      | Reached XP level 7. HP: 47/64 MP: 7/7
  1446 | D:5      | Reached skill level 5 in Armour
  1446 | D:5      | Reached skill level 6 in Shields
  1635 | D:6      | Noticed Menkaure
  1646 | D:6      | Killed Menkaure
  1720 | D:6      | Reached XP level 8. HP: 44/73 MP: 5/5
  1842 | D:6      | Found Jiargh's Weapon Emporium.
  1901 | D:6      | Reached skill level 7 in Shields
  1910 | D:6      | Quit the game

Illustrated notes

Levels and vault maps discovered:
D:1:      scummos_arrival_gate, layout_basic, serial_bayou_pond_a
D:2:      layout_loops_ring, uniq_terence, uniq_sigmund
D:3:      layout_basic, fedhas_altar_4, bloody_trog, uniq_ijyb
D:4:      layout_basic, overflow_temple_1_default, cheibriados_altar_1,
          uniq_natasha
D:5:      layout_layer_cave
D:6:      layout_rooms, lemuel_coloured_pillars_altar, serial_shops,
          nicolae_shop_stone, uniq_menkaure

Skill      XL: |  1  2  3  4  5  6  7  8 |
---------------+-------------------------+-----
Fighting       | 3 4 |  4.6
Axes           | 3 4 5 6 |  6.9
Armour         | 4 5 |  5.6
Shields        | 4 5 6 7 |  7.0

Action                   |  1- 3 |  4- 6 |  7- 9 || total
-------------------------+-------+-------+-------++-------
Melee: War axe           |    70 |   134 |   138 ||   342
 Abil: Heal Wounds       |     1 |     3 |    13 ||    17
Armor: Scale mail        |    32 |    48 |       ||    80
       Chain mail        |       |     1 |    45 ||    46
Dodge: Dodged            |    23 |    29 |    17 ||    69
Block: Kite shield       |    52 |     5 |       ||    57
       Tower shield      |       |   101 |   133 ||   234

Table legend: (Time is in decaauts)
 A = Elapsed time spent in this place.
 B = Non-inter-level travel time spent in this place.
 C = Inter-level travel time spent in this place.
 D = Time resting spent in this place.
 E = Time spent auto-exploring this place.
 F = Levels seen in this place.
 G = Mean time per level.
                   A        B        C        D        E       F      G
               +--------+--------+--------+--------+--------+-----+--------+
         Total |   2053 |   1894 |    159 |      0 |   1164 |   6 |  342.2 |
       Dungeon |   2053 |   1894 |    159 |      0 |   1164 |   6 |  342.2 |
               +--------+--------+--------+--------+--------+-----+--------+

Top non-repeatable levels by time:
     D:4: 630 daAuts
     D:5: 609 daAuts
     D:6: 314 daAuts
     D:2: 253 daAuts
     D:3: 151 daAuts
     D:1: 94 daAuts
